Map: Cyber Forest LE

Players

GOReynor (Reynor) - Winner!

  • Race: Zerg Zerg
  • League: Master
  • Spawn Location: 5:00

PtitDrogo

  • Race: Protoss Protoss
  • League: Master
  • Spawn Location: 11:00

Event: QLASH StarCraft II Invitational 2 Offline Finals

VOD

Have the link to the VOD?

Description

Time

  • Played on: July 27, 2019, 10:45 a.m.
  • Length: 14:03

All games in this series

Show
View Real Time Build Order
Export as new Build Order

GOReynor Zerg - Winner!

Build Orders: Hatch First, Swarm Host 

Get SALT Encoding   

  12  0:00  Drone  
  13  0:12  Overlord  
  13  0:16  Drone  
  14  0:30  Drone x2  
  16  0:46  Drone x2  
  18  0:55  Hatchery  
  17  0:58  Drone  
  17  1:04  Extractor  
  17  1:14  Spawning Pool  
  17  1:17  Drone  
  17  1:21  Drone  
  18  1:30  Drone  
  19  1:39  Drone  
  20  1:49  Overlord  
  20  2:01  Drone  
  20  2:06  Queen x2  
  20  2:07  Drone  
  26  2:11  Zergling x2  
  27  2:18  Zergling x2  
  27  2:22  Drone  
  29  2:24  Metabolic Boost  
  29  2:29  Drone  
  30  2:39  Hatchery  
  30  2:40  Drone x2  
  31  2:48  Zergling x2  
  31  2:50  Overlord  
  32  2:53  Drone  
  33  3:00  Queen  
  33  3:01  Drone  
  36  3:07  Overlord  
  36  3:11  Drone  
  37  3:16  Drone x3  
  37  3:18  Drone  
  41  3:22  Drone  
  41  3:25  Queen  
  44  3:28  Drone  
  44  3:33  Drone  
  46  3:39  Zergling x2  
  47  3:43  Overlord  
  47  3:44  Queen  
  47  3:47  Zergling x4  
  51  3:49  Drone  
  51  3:51  Drone  
  51  3:52  Drone  
  54  3:57  Overlord  
  54  4:06  Drone x3  
  54  4:09  Drone x3  
  60  4:12  Overlord, Lair  
  60  4:13  Drone  
  61  4:17  Drone  
  62  4:24  Spore Crawler, Roach Warren  
  62  4:25  Zergling x4  
  62  4:29  Drone  
  62  4:30  Overlord  
  63  4:37  Drone x6  
  68  4:40  Overlord  
  68  4:43  Spore Crawler  
  67  4:51  Zergling x8  
  71  4:54  Overlord  
  71  4:55  Spore Crawler  
  68  5:00  Drone x3  
  68  5:05  Drone  
  68  5:07  Drone x4  
  68  5:08  Drone x2  
  68  5:10  Drone  
  68  5:12  Glial Reconstitution, Drone  
  75  5:14  Extractor  
  75  5:15  Extractor  
  75  5:16  Overlord  
  75  5:17  Drone  
  75  5:18  Drone  
  75  5:19  Drone  
  76  5:23  Overseer, Evolution Chamber  
  76  5:26  Drone x2  
  77  5:29  Overlord  
  77  5:31  Drone  
  77  5:33  Drone  
  77  5:34  Drone, Extractor  
  77  5:35  Drone  
  80  5:36  Overlord  
  78  5:45  Overlord  
  78  5:46  Drone  
  78  5:47  Drone x6  
  81  5:50  Overlord  
  81  5:53  Zerg Missile Weapons Level 1  
  81  5:57  Drone x2  
  81  6:00  Extractor  
  81  6:01  Extractor  
  81  6:04  Drone  
  81  6:05  Hatchery  
  81  6:08  Roach x4  
  89  6:11  Overlord  
  89  6:16  Infestation Pit, Zergling x2  
  89  6:17  Zergling x6  
  92  6:23  Overlord  
  92  6:25  Roach x4  
  98  6:34  Roach x2  
  98  6:37  Drone  
  98  6:39  Queen  
  105  6:40  Queen x2  
  109  6:47  Overlord  
  109  6:52  Drone x6  
  115  6:55  Overlord  
  115  7:05  Swarm Host x5  
  130  7:11  Swarm Host x4, Overlord  
  130  7:15  Extractor  
  141  7:17  Overlord  
  141  7:19  Swarm Host x2  
  144  7:24  Overlord  
  144  7:29  Roach x3  
  152  7:30  Roach x3  
  152  7:34  Roach x2  
  154  7:39  Queen  
  154  7:42  Swarm Host x2  
  161  7:44  Drone  
  161  7:45  Drone x4  
  161  7:49  Zerg Missile Weapons Level 2  
  166  7:52  Overlord  
  166  7:54  Spine Crawler  
  166  7:55  Spine Crawler  
  166  7:57  Ravager  
  165  8:00  Roach x4  
  173  8:08  Roach x4  
  173  8:11  Overseer  
  179  8:13  Overlord  
  179  8:14  Overseer  
  179  8:16  Roach x3  
  183  8:20  Roach x2  
  183  8:25  Drone x6  
  188  8:32  Ravager x2  
  188  8:33  Roach, Ravager  
  190  8:40  Roach x5  
  198  8:57  Ravager x2  
  200  9:06  Roach x3  
  200  9:09  Hive  
  200  9:10  Roach  
  200  9:11  Roach x2  
  200  9:13  Roach x3  
  200  9:18  Spine Crawler x2  
  200  9:19  Roach x3  
  200  9:20  Spine Crawler x2  
  200  9:21  Roach  
  199  9:24  Drone  
  199  9:25  Baneling Nest, Evolution Chamber  
  199  9:28  Roach x7  
  190  9:37  Roach x4  
  190  9:38  Roach x2  
  199  9:40  Overlord  
  199  9:41  Overlord  
  195  9:52  Overlord  
  195  9:56  Zerg Melee Weapons Level 1  
  195  10:03  Roach x2  
  199  10:11  Roach  
  199  10:17  Roach x3  
  191  10:27  Zergling x22  
  191  10:28  Centrifical Hooks, Zergling x22  
  199  10:35  Overlord  
  195  10:49  Overlord  
  195  10:55  Ravager x3  
  197  10:59  Hatchery  
  197  11:00  Baneling  
  197  11:01  Baneling  
  197  11:02  Adrenal Glands  
  194  11:04  Spire  
  194  11:06  Baneling x3  
  194  11:07  Baneling x5  
  186  11:19  Ravager x2  
  186  11:20  Overseer  
  186  11:22  Drone x2  
  186  11:23  Drone  
  191  11:25  Extractor  
  191  11:26  Zergling x18  
  195  11:51  Baneling x6  
  195  11:55  Baneling x4  
  195  11:56  Baneling x7  
  194  12:13  Zergling x10  
  199  12:26  Baneling x18  
  199  12:28  Zergling x12  
  199  12:58  Extractor  
  199  12:59  Extractor  
  189  13:08  Zergling x46  
  192  13:13  Roach x3, Zergling x4  
  195  13:22  Zergling x10  
  198  13:28  Zergling x14  
  198  13:30  Zergling x18  
  198  13:39  Baneling  
  198  13:40  Baneling x15  
Show
View Real Time Build Order
Export as new Build Order

PtitDrogo Protoss 

Build Orders: 1 Gate Expand, Archon Immortal, Archon Drop, Dark Templar Rush 

Get SALT Encoding   

  12  0:00  Probe  
  13  0:13  Probe  
  14  0:19  Pylon  
  14  0:25  Probe  
  15  0:33  Probe  
  15  0:40  Gateway  
  15  0:41  Probe  
  17  0:50  Assimilator  
  17  0:52  Probe  
  18  1:04  Probe  
  19  1:16  Probe  
  20  1:26  Nexus  
  20  1:36  Cybernetics Core  
  20  1:39  Probe  
  21  1:45  Assimilator  
  21  1:51  Probe  
  22  1:54  Pylon  
  22  2:02  Adept  
  22  2:03  Probe  
  25  2:15  Probe  
  25  2:16  Twilight Council  
  25  2:22  Warp Gate  
  26  2:28  Probe  
  27  2:32  Stalker  
  27  2:35  Probe  
  27  2:36  Probe  
  29  2:43  Probe  
  31  2:44  Probe  
  33  2:55  Probe, Robotics Facility  
  33  2:57  Probe  
  35  3:07  Probe  
  35  3:09  Probe  
  35  3:11  Gateway  
  37  3:19  Probe  
  38  3:21  Probe, Dark Shrine  
  39  3:31  Probe  
  39  3:32  Warp Prism  
  40  3:36  Gateway x2  
  40  3:45  Probe  
  40  3:46  Probe  
  44  3:50  Pylon  
  44  3:55  Assimilator  
  44  3:57  Probe, Assimilator  
  44  3:59  Probe  
  46  4:09  Probe  
  47  4:10  Adept  
  47  4:11  Probe  
  50  4:21  Probe  
  51  4:26  Probe  
  52  4:34  Dark Templar  
  54  4:38  Pylon  
  54  4:40  Pylon  
  54  4:42  Nexus  
  54  4:47  Pylon  
  54  4:56  Probe  
  54  4:58  Immortal  
  59  5:06  Probe  
  60  5:08  Probe  
  60  5:12  Dark Templar x2  
  60  5:13  Dark Templar x2  
  67  5:16  Charge  
  67  5:17  Shield Battery, Archon x2  
  67  5:19  Probe  
  68  5:22  Forge  
  69  5:28  Probe  
  69  5:32  Probe  
  70  5:43  Protoss Ground Weapons Level 1  
  71  5:50  Probe  
  71  5:51  Probe  
  71  5:54  Probe  
  71  5:55  Immortal  
  73  5:58  Probe  
  73  5:59  Probe  
  73  6:01  Dark Templar x2  
  73  6:02  Probe  
  79  6:06  Probe, Assimilator  
  79  6:07  Probe  
  79  6:08  Archon  
  79  6:09  Assimilator  
  79  6:11  Probe  
  81  6:13  Pylon  
  81  6:15  Sentry  
  81  6:16  Sentry, Probe  
  81  6:17  Probe  
  87  6:22  Probe  
  87  6:23  Pylon  
  90  6:28  Probe  
  90  6:31  Probe  
  91  6:33  Zealot x2  
  91  6:34  Probe  
  92  6:40  Probe  
  92  6:42  Immortal  
  92  6:43  Probe  
  92  6:46  Probe, Pylon  
  99  6:49  Templar Archives  
  99  6:52  Probe  
  100  6:55  Probe  
  100  7:01  Gateway, Probe  
  101  7:02  Gateway  
  101  7:06  Gateway, Blink  
  101  7:07  Gateway, Probe  
  103  7:09  Stalker  
  103  7:11  Probe  
  106  7:20  Zealot x2  
  110  7:28  Immortal  
  114  7:31  Pylon  
  114  7:33  Pylon  
  110  7:47  High Templar, Photon Cannon  
  110  7:48  High Templar x2  
  110  7:50  Shield Battery  
  116  7:51  High Templar  
  116  7:52  Protoss Ground Weapons Level 2  
  116  7:55  Gateway  
  116  7:56  Dark Templar  
  120  7:59  Archon  
  120  8:00  Archon  
  120  8:01  Gateway  
  120  8:06  Shield Battery  
  120  8:08  Pylon  
  120  8:10  High Templar  
  120  8:11  High Templar  
  120  8:12  Zealot  
  126  8:13  Nexus  
  126  8:15  Archon  
  126  8:16  Pylon  
  114  8:25  Probe  
  114  8:26  Probe  
  104  8:34  High Templar x2  
  104  8:35  Zealot x4  
  104  8:39  Pylon, Archon  
  116  8:43  Pylon  
  116  8:46  Assimilator  
  116  8:49  Immortal  
  116  8:52  Sentry  
  116  8:54  Zealot x2  
  126  8:57  Zealot x4, Pylon  
  114  9:10  Stalker x2  
  114  9:16  Stalker  
  114  9:17  Stalker x2  
  118  9:18  Zealot x4  
  124  9:25  Immortal  
  124  9:36  Sentry  
  124  9:37  Zealot  
  126  9:41  Probe  
  127  9:46  High Templar x4  
  127  9:47  Zealot x3  
  127  9:50  Archon x2  
  141  9:57  Assimilator, Pylon  
  141  9:58  Photon Cannon  
  141  9:59  Observer  
  141  10:02  Shield Battery  
  142  10:08  Zealot, Dark Templar x2  
  142  10:09  Dark Templar  
  142  10:12  Probe  
  142  10:13  Zealot  
  137  10:21  Dark Templar  
  137  10:26  Probe  
  128  10:28  Probe x2  
  128  10:33  Nexus, Assimilator  
  130  10:40  Zealot x5  
  140  10:46  Protoss Ground Weapons Level 3  
  134  10:58  High Templar x2  
  134  10:59  Archon x2  
  134  11:00  Zealot x4  
  146  11:04  Archon  
  146  11:08  High Templar  
  146  11:09  High Templar, Zealot  
  140  11:13  Archon  
  134  11:31  High Templar  
  134  11:32  High Templar, Zealot x2  
  138  11:36  Archon  
  138  11:37  Zealot  
  140  11:41  Nexus  
  140  11:44  Sentry  
  140  11:45  Zealot  
  140  11:53  Dark Templar  
  142  11:54  Dark Templar  
  142  12:00  Archon  
  135  12:12  Zealot  
  135  12:14  Warp Prism  
  136  12:21  Nexus  
  136  12:32  Pylon  
  136  12:34  High Templar x4  
  136  12:35  Zealot x3  
  150  12:38  Archon  
  150  12:39  Archon  
  150  12:52  Stalker x2  
  154  12:59  Stalker  
  150  13:08  Immortal  
  106  13:20  Stalker x7  
  112  13:32  Stalker x2  
  105  13:37  Assimilator  
  105  13:39  Assimilator  
  103  13:44  Dark Templar x4  
  111  13:51  Probe  
  111  13:53  Stalker x2  
Tags
 
Add a new tag
Caveats
  • Supply blocks, unpowered buildings, or Contaminate may cause inaccurate times.
  • Supply counts are checked every 10 seconds.